cohdb
Replays
Latest Replays
All Replays
Popular Replays
Top Player Replays
Match Explorer
How It Works
Community
CoH3 Stats
Reddit
Sign in to upload your games and track your stats! →
Sign in with Steam
Match 42149357
Unlisted
Match 42149357
Overview
Messages
Build Orders
End
Construct Barracks
Riflemen Squad
Riflemen Squad
Selects Heavy Weapons
Riflemen Squad
M1 Mortar Team
Air Support Center
Engineer Squad
Construct Motor Pool
P-47 Strafing Run
M8 Greyhound Armored Car
Double Sortie
Grasshopper Recon Run
P-47 Dive Bomb
Construct Medical Station
Selects Assault Carriers
Selects Exchangeable Parts
.30 cal Machine Gun
P-47 Strafing Run
M1918 Browning Automatic Rifles
Grenade Package
Grasshopper Recon Run
P-47 Strafing Run
M24 Chaffee Light Tank
Riflemen Squad
Construct Tank Depot
Grasshopper Recon Run
P-47 Dive Bomb
P-47 Strafing Run
Improved Aircraft Armor
Air Supremacy
Grasshopper Recon Run
P-47 Strafing Run
P-47 Dive Bomb
Engineer Squad
Grasshopper Recon Run
P-47 Strafing Run
Selects M26 Pershing Heavy Tank
M26 Pershing Heavy Tank
P-47 Strafing Run
P-47 Dive Bomb
Selects M2HB .50cal Heavy Machine Gun
Advanced Air Reconnaissance
Grasshopper High-Altitude Recon Run
P-47 Dive Bomb
homig
Alvarez
kerem
unreal_sev
Vasilisk
Dr.D!Di...
Oberst Obstsalat
Ul`Man
0
0
Comments
sign in to comment!
No comments posted yet!